 Dungeon Crawl Stone Soup version 0.31-a0-702-gf82c85558f (webtiles) character file.

Game seed: 17287312764748844165

595 qw the Skirmisher (level 7, -6/43 HPs)
             Began as a Gargoyle Hunter on Sept 7, 2023.
             Was an Initiate of Okawaru.
             Mangled by a gnoll
             ... wielding a +1 heavy halberd
              (13 damage)
             ... on level 3 of the Dungeon.
             The game lasted 00:01:47 (2850 turns).

qw the Skirmisher (Gargoyle Hunter)                 Turns: 2850, Time: 00:01:47

Health: -6/43      AC: 11    Str: 15    XL:     7   Next: 40%
Magic:  7/7        EV: 11    Int:  9    God:    Okawaru [......]
Gold:   190        SH:  0    Dex: 15    Spells: 6/6 levels left

rFire   . . .        Y - +0 shortbow
rCold   . . .        (shield currently unavailable)
rNeg    + . .        i - +0 ring mail
rPois   inf          (no helmet)
rElec   +            (no cloak)
rCorr   .            (no gloves)
SInv    .            j - +0 pair of boots
Will    .....        (no amulet)
Stlth   +            (no ring)
HPRegen 0.27/turn    (no ring)
MPRegen 0.10/turn

%: no passive effects
@: about to teleport
A: sickness immunity, AC +4, negative energy resistance 1, electricity
resistance, torment resistance 1, petrification resistance
a: Renounce Religion


You were on level 3 of the Dungeon.
You worshipped Okawaru.
Okawaru was noncommittal.
You visited 1 branch of the dungeon, and saw 3 of its levels.

You collected 190 gold pieces.


Innate Abilities, Weirdness & Mutations

You are immune to sickness and miasma.
Your stone body is resilient. (AC +4)
You are immune to poison.
You resist negative energy. (rN+)
You are resistant to electric shocks. (rElec)
You are resistant to unholy torment.
You are immune to petrification.


   Skills:
 + Level 4.1 Fighting
 - Level 8.0 Ranged Weapons
 - Level 1.1 Armour
 - Level 1.5 Dodging
 - Level 1.1 Stealth


You had 6 spell levels left.
You didn't know any spells.
Your spell library was empty.

Inventory:

Hand Weapons
 Y - a +0 shortbow (weapon)
Armour
 i - a +0 ring mail (worn)
 j - a +0 pair of boots (worn)
Scrolls
 c - a scroll of vulnerability {unknown}
Potions
 a - a potion of degeneration {unknown}
 d - 2 potions of mutation {unknown}
 e - a potion of might {unknown}
 g - a potion of cancellation

Dungeon Overview and Level Annotations

Branches:
Dungeon (3/15)

Altars:
Okawaru

Annotations:
D:3 3 runed translucent doors, qw's ghost, amateur GrHu


Message History

You shoot an arrow. The arrow hits the gnoll.
The gnoll is moderately wounded.
The gnoll barely misses you.
A gnoll comes into view. It is wielding a +1 heavy halberd.
You shoot an arrow. The arrow closely misses the gnoll.
The gnoll misses you.
You shoot an arrow. The arrow hits the gnoll.
The gnoll is heavily wounded.
The gnoll closely misses you. The gnoll barely misses you.
You shoot an arrow. The arrow barely misses the gnoll.
The arrow hits the gnoll.
The gnoll is heavily wounded.
The gnoll misses you.
You shoot an arrow. The arrow closely misses the gnoll.
The arrow barely misses the gnoll.
The gnoll closely misses you. x2
You shoot an arrow. The arrow hits the gnoll.
The gnoll is severely wounded.
The gnoll hits you from afar with a +0 halberd.
You shoot an arrow.
The arrow hits the gnoll but does no damage.
The gnoll is severely wounded.
The gnoll hits you from afar with a +1 heavy halberd!!
Ouch! That really hurt!
The gnoll barely misses you.
You shoot an arrow. The arrow completely misses the gnoll.
The gnoll barely misses you.
The gnoll hits you from afar with a +1 heavy halberd.
2848 ||| READING scroll of teleportation.
As you read the scroll of teleportation, it crumbles to dust.
You feel strangely unstable. The gnoll hits you but does no damage.
You shoot an arrow. The arrow hits the gnoll.
The gnoll is severely wounded.
The gnoll closely misses you. The gnoll barely misses you.
You shoot an arrow.
The arrow hits the gnoll but does no damage.
The gnoll is severely wounded.
The gnoll hits you from afar with a +0 halberd.
The gnoll hits you from afar with a +1 heavy halberd!
You die...

~~~~~~~~~%%~~~~~~~~~~~~~~~~~~~~~~
~~~~~~~~~~~~~~~~~~~~~~~~~~~~~~~~~
~~#####~~~~~~~~~~~~~~~~~~~~~~~~~~
~~#ggg#......%...............%...
~~#...###########################
~~###+# #.))##...# .. ~~~.#
..########....########.. ~~~.#
.....g...#....#......... ~~~.#
''#...g)@...~~.........# ~~~.#
#.........~~)........# ~~~.#
#.......#....#.....).# ~~~.#
#)##################)# ~~~.#
#.......'...))...).).# ~~~.#
.......#).).#.......# ~~###+#
.......#.)).#.......#
~~#...#############)'''##########
~~#.o.#...........)...)..........


You could see 2 gnolls.

Vanquished Creatures
  An ogre (D:3)
  A gnoll sergeant (D:3)
  A hound (D:3)
  2 gnoll boudas (D:3)
  Terence (D:3)
  An adder (D:3)
  20 gnolls (D:3)
  An ufetubus (D:3)
  3 worms (D:2)
  3 dart slugs
  14 orcs (D:3)
  8 endoplasms
  2 giant cockroaches
  5 goblins
  5 hobgoblins
  24 jackals
  2 kobolds
  3 quokkas
  4 ball pythons
  7 bats
  3 frilled lizards
  5 rats
116 creatures vanquished.

Notes
Turn   | Place    | Note
-------+----------+-------------------------------------------
     0 | D:1      | qw the Gargoyle Hunter began the quest for the Orb.
     0 | D:1      | Reached XP level 1. HP: 12/12 MP: 1/1
     0 | D:1      | 0 ||| qw: Version: 0.3-a-76-g4403597
     0 | D:1      | 0 ||| qw: Game counter: 772
     0 | D:1      | 0 ||| qw: Melee chars always use a shield: true
     0 | D:1      | 0 ||| qw: God list: Okawaru
     0 | D:1      | 0 ||| qw: Allow faded altars: false
     0 | D:1      | 0 ||| qw: Do Orc after clearing Dungeon:15 true
     0 | D:1      | 0 ||| qw: Do second Lair branch before Depths: true
     0 | D:1      | 0 ||| qw: Lair rune preference: random
     0 | D:1      | 0 ||| qw: Goals: Normal
     0 | D:1      | 0 ||| PLANNING D:1-11
    96 | D:1      | Reached XP level 2. HP: 15/17 MP: 2/2
   362 | D:1      | Reached XP level 3. HP: 21/21 MP: 3/3
   392 | D:1      | Reached skill level 5 in Ranged Weapons
   596 | D:1      | 596 ||| Stepping ~*~*~tactically~*~*~ (outnumbered).
   627 | D:1      | 627 ||| UPGRADING to +0 pair of boots.
   632 | D:1      | 632 ||| READING scroll labelled CIRCHO BYGADD.
   633 | D:1      | 633 ||| READING scroll labelled JOUT VOYLAHEU.
   638 | D:1      | 638 ||| READING 2 scrolls labelled HOWAN GY WOQ.
   639 | D:1      | 639 ||| DRINKING 2 bubbling cyan potions.
   640 | D:1      | 640 ||| DRINKING 2 bubbling silvery potions.
   641 | D:1      | 641 ||| DROPPING scroll of butterflies.
   642 | D:1      | 642 ||| DROPPING potion of brilliance.
   643 | D:1      | 643 ||| DROPPING scroll of amnesia.
   690 | D:2      | 690 ||| STAIRDANCE
   831 | D:2      | Reached skill level 3 in Fighting
   942 | D:2      | Reached XP level 4. HP: 28/28 MP: 4/4
  1148 | D:2      | Found a faded altar of an unknown god.
  1232 | D:2      | 1232 ||| UPGRADING to +0 ring mail.
  1242 | D:2      | 1242 ||| DROPPING +0 leather armour.
  1243 | D:2      | 1243 ||| DROPPING ring of magical power.
  1244 | D:2      | 1244 ||| READING scroll labelled XETORI QAGARPH.
  1245 | D:2      | 1245 ||| READING scroll labelled OMEWNI PUVOWI.
  1246 | D:2      | 1246 ||| READING 2 scrolls labelled YPSILUNIMY.
  1347 | D:2      | 1347 ||| DROPPING scroll of silence.
  1376 | D:3      | 1376 ||| STAIRDANCE
  1466 | D:3      | 1466 ||| Stepping ~*~*~tactically~*~*~ (outnumbered).
  1468 | D:3      | 1468 ||| Stepping ~*~*~tactically~*~*~ (outnumbered).
  1474 | D:3      | Reached skill level 1 in Armour
  1585 | D:3      | Reached XP level 5. HP: 32/32 MP: 5/5
  1630 | D:3      | Noticed an ogre
  1636 | D:3      | Killed an ogre
  1637 | D:3      | Reached skill level 6 in Ranged Weapons
  1648 | D:3      | 1648 ||| FLEEEEING.
  1734 | D:3      | Found an iron altar of Okawaru.
  1735 | D:3      | 1735 ||| PLANNING OKAWARU WORSHIP
  1743 | D:3      | Became a worshipper of Warmaster Okawaru
  1744 | D:3      | 1744 ||| PLANNING D:1-11
  1776 | D:3      | Noticed Terence
  1785 | D:3      | Killed Terence
  1786 | D:3      | Reached XP level 6. HP: 35/37 MP: 6/6
  2226 | D:3      | Found a runed translucent gate.
  2226 | D:3      | Noticed qw's ghost (amateur GrHu)
  2227 | D:3      | Found a runed translucent gate.
  2228 | D:3      | Found a runed translucent gate.
  2326 | D:3      | 2326 ||| RETREATING.
  2328 | D:3      | 2328 ||| Stepping ~*~*~tactically~*~*~ (retreating).
  2330 | D:3      | 2330 ||| Stepping ~*~*~tactically~*~*~ (water).
  2331 | D:3      | 2331 ||| Stepping ~*~*~tactically~*~*~ (retreating).
  2332 | D:3      | 2332 ||| Stepping ~*~*~tactically~*~*~ (retreating).
  2333 | D:3      | 2333 ||| Stepping ~*~*~tactically~*~*~ (retreating).
  2335 | D:3      | 2335 ||| Stepping ~*~*~tactically~*~*~ (retreating).
  2357 | D:3      | Reached skill level 7 in Ranged Weapons
  2480 | D:3      | 2480 ||| FLEEEEING.
  2534 | D:3      | Reached XP level 7. HP: 36/43 MP: 7/7
  2534 | D:3      | 2534 ||| FLEEEEING.
  2536 | D:3      | 2536 ||| FLEEEEING.
  2537 | D:3      | 2537 ||| FLEEEEING.
  2558 | D:3      | 2558 ||| Stepping ~*~*~tactically~*~*~ (water).
  2720 | D:3      | 2720 ||| FLEEEEING.
  2736 | D:3      | Reached * piety under Okawaru
  2737 | D:3      | 2737 ||| INVOKING Heroism.
  2738 | D:3      | 2738 ||| INVOKING Heroism.
  2840 | D:3      | Reached skill level 8 in Ranged Weapons
  2847 | D:3      | HP: 10/43 [gnoll/+1 heavy halberd (5)]
  2848 | D:3      | 2848 ||| READING scroll of teleportation.
  2850 | D:3      | Mangled by a gnoll

Levels and vault maps discovered:
D:1:      spicycebolla_green_bress_n_ham, layout_basic, minmay_small_reverse_x
D:2:      layout_basic, hellmonk_ecumenical_altar_leap_of_faith
D:3:      lemuel_castle_with_subvaults [lemuel_castle_interior_carwin_3],
          layout_basic, okawaru_metal_pillars_1_2, biasface_ghost_orc_armoury,
          minmay_misc_feat_square, uniq_terence

Skill      XL: |  1  2  3  4  5  6  7 |
---------------+----------------------+-----
Ranged Weapons | 5 6 7 8 |  8.0
Fighting       | 3 4 |  4.1
Armour         | 1 |  1.1
Dodging        | |  1.5
Stealth        | |  1.1

Action                     |  1- 3 |  4- 6 |  7- 9 || total
---------------------------+-------+-------+-------++-------
   Fire: Shortbow          |   121 |   244 |   108 ||   473
 Invoke: Heroism           |       |       |     1 ||     1
    Use: Scroll            |     3 |     3 |     1 ||     7
         Potion            |     2 |       |       ||     2
 Armour: Leather armour    |    32 |     1 |       ||    33
         Ring mail         |       |   100 |    49 ||   149
  Dodge: Dodged            |    41 |   105 |    53 ||   199

Table legend:
 A = Non-vault XP
 B = Vault XP
 C = Vault XP percentage of total XP
 D = Non-vault monster count
 E = Vault monster count
 F = Vault count percentage of total count
                 A         B        C        D         E       F
            +---------+---------+-------+---------+---------+-------
      Total |     314 |     537 |  63.1 |      65 |      51 |  44.0
            +---------+---------+-------+---------+---------+-------
        D:1 |      50 |       5 |   9.1 |      26 |       4 |  13.3
        D:2 |      42 |       0 |   0.0 |      18 |       0 |   0.0
        D:3 |     222 |     532 |  70.6 |      21 |      47 |  69.1
            +---------+---------+-------+---------+---------+-------
